 Seeded DCSS version 0.29-a0-582-ge82337ba6a (webtiles) character file.

Game seed: 585938074022289478 (custom seed)

1 happo123 the Grasshopper (level 1, 17/17 HPs)
             Began as a Ghoul Warper on June 14, 2022.
             Quit the game on level 1 of the Dungeon.
             The game lasted 00:01:13 (167 turns).

happo123 the Grasshopper (Ghoul Warper)              Turns: 167, Time: 00:01:14

Health: 17/17      AC:  3    Str: 14    XL:     1   Next: 20%
Magic:  2/2        EV: 11    Int:  8    God:
Gold:   0          SH:  0    Dex:  8    Spells: 3/3 levels left

rFire   . . .      SeeInvis .     - Unarmed
rCold   + . .      Faith    .   (no shield)
rNeg    + + +      Spirit   .   a - +0 leather armour
rPois   ∞          Reflect  .   (no helmet)
rElec   .          Harm     .   (no cloak)
rCorr   .          Rampage  .   (no gloves)
Will    .....                   (no boots)
Stlth   +.........              (no amulet)
HPRegen 0.05/turn               (no ring)
MPRegen 0.08/turn               (no ring)

@: no status effects
A: claws 1, cold resistance 1, negative energy resistance 3, inhibited
regeneration, torment resistance 2, devour on kill
a: no special abilities


You were on level 1 of the Dungeon.
You visited 1 branch of the dungeon, and saw 1 of its levels.

Inventory:

Missiles
 c - 7 boomerangs of dispersal (quivered)
Armour
 a - a +0 leather armour (worn)
Scrolls
 b - a scroll of blinking


   Skills:
 + Level 2.2 Fighting
 - Level 0.8 Throwing
 + Level 0.8 Armour
 + Level 1.8 Dodging
 * Level 2.2 Unarmed Combat
 + Level 1.7 Spellcasting
 * Level 2.7 Translocations


You had 3 spell levels left.
You didn't know any spells.
Your spell library contained the following spells:

 Spells                   Type           Power      Damage    Failure   Level
 Blink                    Tloc           10%        N/A       22%         2
 Gell's Gravitas          Tloc           5%         N/A       41%         3
 Lesser Beckoning         Tloc           5%         N/A       41%         3
 Teleport Other           Tloc           5%         N/A       41%         3
 Manifold Assault         Tloc           5%         N/A       99%         5


Dungeon Overview and Level Annotations

Branches:
Dungeon (1/15)

Altars:


Innate Abilities, Weirdness & Mutations

You are immune to poison.
You have sharp fingernails.
Your flesh is cold resistant. (rC+)
You are immune to negative energy. (rN+++)
You do not regenerate when monsters are visible.
You are immune to unholy pain and torment.
You thrive by killing the living.


Message History

Welcome, happo123 the Ghoul Warper.
Game seed: 585938074022289478 (custom seed) Press ? for a list of commands and other information.
Found a staircase leading out of the dungeon.
You open the door.
There is an open door here.
Found a scale mail.
You see here a +0 scale mail.
Found a stone staircase leading down.
A bat comes into view.
The bat completely misses you.
You closely miss the bat. The bat hits you but does no damage.
The bat barely misses you.
You scratch the bat.
You kill the bat!
You see here a bat corpse.
You see here a bat corpse.
Found a spear.
A rat comes into view.
The rat moves out of view.
The rat bites you.
You scratch the rat but do no damage. The rat barely misses you.
You scratch the rat.
You kill the rat!
HP restored.
There is a stone staircase leading down here.
You see here a +0 scale mail.
As you open the door, it creaks loudly!
You hear an angry hiss. x2
Unknown command.
Are you sure you want to abandon this character and quit the game? (Confirm with "yes".)

.##.#...[..#######.###
.##..#.####......#.#
........# #.#..#.#.#
##...#### ####..####
##.##########..#
##.##.....##..# #
####..<..'...# .#
#.....##..##..#
########..@'..#
#..##..# .....# .#
.....⌠.# # ####...#
#...# ..... ......


There were no monsters in sight!

Vanquished Creatures
  A bat (D:1)
  A rat (D:1)
2 creatures vanquished.

Notes
Turn   | Place    | Note
-------+----------+-------------------------------------------
     0 | D:1      | happo123 the Ghoul Warper began the quest for the Orb.
     0 | D:1      | Reached XP level 1. HP: 17/17 MP: 2/2
   167 | D:1      | Quit the game

Illustrated notes

Levels and vault maps discovered:
D:1:      dpeg_arrival_rooms_a, layout_loops_cross, minmay_shallow_snake_nest

Action                   || total
-------------------------++-------
Melee: Unarmed           ||     4
Armor: Leather armour    ||     1
Dodge: Dodged            ||     3

Table legend: (Time is in decaauts)
 A = Elapsed time spent in this place.
 B = Non-inter-level travel time spent in this place.
 C = Inter-level travel time spent in this place.
 D = Time resting spent in this place.
 E = Time spent auto-exploring this place.
 F = Levels seen in this place.
 G = Mean time per level.
                   A        B        C        D        E       F      G
               +--------+--------+--------+--------+--------+-----+--------+
         Total |    166 |    166 |      0 |      0 |    154 |   1 |  166.0 |
       Dungeon |    166 |    166 |      0 |      0 |    154 |   1 |  166.0 |
               +--------+--------+--------+--------+--------+-----+--------+

Top non-repeatable levels by time:
     D:1: 166 daAuts
